 Dungeon Crawl Stone Soup version 0.23-a0-419-g0174fd8 (webtiles) character file.

69 galech the Covered (level 4, 27/35 HPs)
             Began as a Demonspawn Fighter on Nov 13, 2018.
             Quit the game on level 3 of the Dungeon.
             The game lasted 00:02:14 (1890 turns).

galech the Covered (Demonspawn Fighter)             Turns: 1890, Time: 00:02:15

Health: 27/35      AC:  9    Str: 14    XL:     4   Next: 2%
Magic:  4/4        EV:  3    Int:  9    God:
Gold:   178        SH:  8    Dex: 13    Spells: 3/3 levels left

rFire    . . .     SeeInvis .   a - +0 war axe
rCold    . . .     Gourm    .   c - +0 shield
rNeg     . . .     Faith    .   r - +0 chain mail (curse)
rPois    .         Spirit   .   (helmet restricted)
rElec    .         Reflect  .   (no cloak)
rCorr    .         Harm     .   (no gloves)
MR       .....                  (no boots)
Stlth    ..........             (no amulet)
HPRegen  0.11/turn              g - -3 ring of strength (curse)
MPRegen  0.09/turn              (no ring)

@: mildly poisoned (27 -> 27), drained
A: antennae 1, nightstalker 1
a: no special abilities


You were on level 3 of the Dungeon.
You were not hungry.

You visited 1 branch of the dungeon, and saw 3 of its levels.

You collected 178 gold pieces.

Inventory:

Hand Weapons
 a - a +0 war axe (weapon)
Armour
 b - a +0 scale mail
 c - a +0 shield (worn)
 r - a cursed +0 chain mail (worn)
Jewellery
 g - a cursed -3 ring of strength (left hand)
 i - an uncursed ring of ice
Scrolls
 e - a scroll of teleportation {unknown}
 j - a scroll of noise
 l - a scroll of random uselessness
 n - 2 scrolls of fear {unknown}
 q - a scroll of identify
Potions
 d - a potion of might
 k - a potion of magic {unknown}
 m - a potion of curing {unknown}
 o - a potion of agility {unknown}
 p - a potion of brilliance {unknown}
Comestibles
 f - 3 rations


   Skills:
 + Level 3.3(2.9) Fighting
 + Level 2.3(1.9) Axes
 + Level 3.3(2.8) Armour
 + Level 0.6(0.2) Dodging
 + Level 3.1(2.7) Shields


You had 3 spell levels left.
You didn't know any spells.
Your spell library was empty.

Dungeon Overview and Level Annotations

Branches:
Dungeon (3/15)

Altars:

Annotations:
D:2 1 runed door


Innate Abilities, Weirdness & Mutations

You have a pair of small antennae on your head.
You are slightly more attuned to the shadows.


Message History

You slip into the darkness of the dungeon.
You feel sick.
The hobgoblin hits you but does no damage.
Items here: ( )) † a +0 short sword of draining; a +0 blowgun; 3 poisoned needles; a kobold corpse You closely miss the hobgoblin.
The hobgoblin hits you but does no damage.
You slash the hobgoblin!
You kill the hobgoblin!
You feel sick.
No target in view!
No target in view!
No target in view!
No target in view!
No target in view!
No target in view!
No target in view!
No target in view!
No target in view!
Are you sure you want to abandon this character and quit the game? (Confirm

## # ......#### ##.#
#........##... #....
..... .>..##..###.#
#.....@.....#
###...#.##... #
...... ##)##.#
..##...... #.(#.###
.........#
#..[...#####.......#
#.###.!..#.........#
#.. ##.#...........#
.... #..............
.....
#..............


There were no monsters in sight!

Vanquished Creatures
  An adder (D:2)
  3 dart slugs
  2 leopard geckos (D:1)
  An orc (D:3)
  2 giant cockroaches (D:1)
  5 goblins
  6 hobgoblins
  4 jackals
  A quokka (D:2)
  8 bats
  8 frilled lizards
  5 kobolds
  3 rats
49 creatures vanquished.

Notes
Turn   | Place    | Note
-------+----------+-------------------------------------------
     0 | D:1      | galech the Demonspawn Fighter began the quest for the Orb.
     0 | D:1      | Reached XP level 1. HP: 18/18 MP: 1/1
   123 | D:1      | Gained mutation: You have a pair of small antennae on your
                  | head. [demonic ancestry]
   123 | D:1      | Reached XP level 2. HP: 23/24 MP: 2/2
   392 | D:1      | Reached XP level 3. HP: 29/29 MP: 3/3
  1720 | D:2      | Found a runed door.
  1886 | D:3      | Gained mutation: You are slightly more attuned to the
                  | shadows. [demonic ancestry]
  1886 | D:3      | Reached XP level 4. HP: 29/35 MP: 4/4
  1890 | D:3      | Quit the game

Vault maps used:
D:1:      dpeg_arrival_brainrot, chequers_big_river, minmay_pentomino_p2
D:2:      uniq_crazy_yiuf_cottage
D:3:      chequers_ecumenical_altar_twisty, serial_aquarium,
          aquarium_bridge_straight, aquarium_window_3, aquarium_window_fake,
          aquarium_window_2, aquarium_view_2c, aquarium_balcony_double_1,
          minmay_close_crescents

Skill      XL: |  1  2  3 |
---------------+----------+-----
Armour         | 3 |  3.3
Axes           | 2 |  2.3
Shields        | 3 |  3.1
Fighting       | |  3.3
Dodging        | |  0.6

Action                   |  1- 3 |  4- 6 || total
-------------------------+-------+-------++-------
Melee: War axe           |   149 |     2 ||   151
  Use: Scroll            |     2 |       ||     2
  Eat: Chunk             |     3 |       ||     3
Armor: Scale mail        |    67 |       ||    67
       Chain mail        |    25 |     2 ||    27
Dodge: Dodged            |    45 |       ||    45
Block: Shield            |    93 |       ||    93

Table legend:
 A = Non-vault XP
 B = Vault XP
 C = Vault XP percentage of total XP
 D = Non-vault monster count
 E = Vault monster count
 F = Vault count percentage of total count
                 A         B        C        D         E       F
            +---------+---------+-------+---------+---------+-------
      Total |      91 |       8 |   8.1 |      45 |       4 |   8.2
            +---------+---------+-------+---------+---------+-------
        D:1 |      38 |       6 |  13.6 |      21 |       3 |  12.5
        D:2 |      46 |       0 |   0.0 |      21 |       0 |   0.0
        D:3 |       7 |       2 |  22.2 |       3 |       1 |  25.0
            +---------+---------+-------+---------+---------+-------
